 Dungeon Crawl Stone Soup version 0.29.1-15-g9cfb28693d (webtiles) character file.

Game seed: 17397487290063025056

1047 jtron the Magician (level 8, -3/60 HPs)
             Began as a Gnoll Wanderer on Mar 20, 2023.
             Was an Initiate of Sif Muna.
             Slain by an ice beast (12 damage)
             ... on level 6 of the Dungeon.
             The game lasted 00:13:53 (6494 turns).

jtron the Magician (Gnoll Wanderer)                 Turns: 6494, Time: 00:13:54

Health: -3/60      AC:  2    Str: 11    XL:     8   Next: 25%
Magic:  16/17      EV: 14    Int: 13    God:    Sif Muna [......]
Gold:   386        SH:  0    Dex: 13    Spells: 15/19 levels left

rFire   . . .      SeeInvis .   a - +0 quarterstaff
rCold   . . .      Faith    .   (shield currently unavailable)
rNeg    . . .      Spirit   .   d - +0 robe
rPois   .          Reflect  .   (helmet currently unavailable)
rElec   .          Harm     .   (no cloak)
rCorr   +          Rampage  .   (no gloves)
Will    .....                   (boots currently unavailable)
Stlth   ++........              (no amulet)
HPRegen 0.20/turn               o - ring of resist corrosion
MPRegen 0.15/turn               (no ring)

@: appendages
A: horns 2, talons 2, fangs 1, strong nose, distributed training
a: End Transformation, Renounce Religion


You were on level 6 of the Dungeon.
You worshipped Sif Muna.
Sif Muna was noncommittal.
You had temporarily grown beastly horns and talons.
You visited 2 branches of the dungeon, and saw 7 of its levels.

You collected 386 gold pieces.

Inventory:

Hand Weapons
 a - a +0 quarterstaff (weapon)
 b - a +2 vorpal sling
 j - the +8 hand axe "Astyuf" {flame, rPois rC+++ rN+ Stlth-}
   (You found it on level 2 of the Dungeon)

   It burns those it strikes, dealing additional fire damage.
   Big, fiery blades are also staple armaments of hydra-hunters.
   rC:        It renders you almost immune to cold.
   rPois:     It protects you from poison.
   rN:        It protects you from negative energy.
   Stlth:     It makes you less stealthy.
Missiles
 p - 32 stones
 q - 2 boomerangs (quivered)
 x - 8 poisoned darts
Armour
 d - a +0 robe (worn)
 l - a +0 helmet (melded)
 n - a +0 pair of boots (melded)
Jewellery
 m - a +6 ring of intelligence
 o - a ring of resist corrosion (left hand)
Wands
 s - a wand of polymorph (8)
 y - a wand of paralysis (14)
Scrolls
 f - 4 scrolls of magic mapping
 g - a scroll of amnesia
 t - a scroll of butterflies {unknown}
 v - 2 scrolls of identify
 w - a scroll of acquirement {unknown}
 z - a scroll of noise {unknown}
Potions
 c - a potion of heal wounds {unknown}
 e - 4 potions of attraction
 h - a potion of flight {unknown}
 i - a potion of lignification
 k - 3 potions of curing
 r - a potion of mutation
 u - a potion of cancellation {unknown}


   Skills:
 + Level 4.2 Fighting
 + Level 3.2 Short Blades
 + Level 3.2 Long Blades
 + Level 3.2 Axes
 + Level 3.2 Maces & Flails
 + Level 3.2 Polearms
 + Level 5.6 Staves
 + Level 3.2 Ranged Weapons
 + Level 3.2 Throwing
 + Level 3.2 Armour
 + Level 5.6 Dodging
 + Level 3.2 Stealth
 + Level 3.2 Shields
 + Level 3.2 Unarmed Combat
 + Level 6.0 Spellcasting
 + Level 2.6 Conjurations
 + Level 2.6 Hexes
 + Level 2.6 Summonings
 + Level 2.6 Necromancy
 + Level 2.6 Translocations
 + Level 4.6 Transmutations
 + Level 2.6 Fire Magic
 + Level 2.6 Ice Magic
 + Level 2.6 Air Magic
 + Level 2.6 Earth Magic
 + Level 2.6 Poison Magic
 + Level 3.5 Invocations
 + Level 4.2 Evocations


You had 15 spell levels left.
You knew the following spells:

 Your Spells              Type           Power      Damage    Failure   Level
a - Beastly Appendage     Tmut           32%        N/A       2%          1
b - Passwall              Tmut/Erth      10%        N/A       5%          2
c - Freeze                Ice            40%        1d6       6%          1

Your spell library contained the following spells:

 Spells                   Type           Power      Damage    Failure   Level
 Ignite Poison            Fire/Tmut/Pois 12%        N/A       13%         3
 Call Canine Familiar     Summ           10%        N/A       17%         3
 Frozen Ramparts          Ice            20%        1d4       17%         3
 Ozocubu's Armour         Ice            10%        N/A       17%         3
 Portal Projectile        Hex/Tloc       20%        N/A       17%         3
 Hailstorm                Conj/Ice       10%        3d5       50%         4
 Leda's Liquefaction      Hex/Erth       5%         N/A       50%         4
 Ozocubu's Refrigeration  Ice            5%         4d8       100%        7


Dungeon Overview and Level Annotations

Branches:
Dungeon (6/15)             Temple (1/1) D:5

Altars:
Ashenzari
Cheibriados
Dithmenos
Elyvilon
Gozag
Hepliaklqana
Kikubaaqudgha
Makhleb
Nemelex Xobeh
Okawaru
Qazlal
Ru
Sif Muna
Trog
Uskayaw
Vehumet
Wu Jian
Yredelemnul
Zin
The Shining One

Shops:
D:2 (   D:4 :

Annotations:
D:6 2 transporters, croobank's ghost, weakling OpDe


Innate Abilities, Weirdness & Mutations

You have temporarily grown beastly horns and talons.
You have very sharp teeth.
Your uncanny sense of smell can sniff out nearby items.
Your experience applies equally to all skills.


Message History

There is an open door here.
You open the door.
There is an open door here.
Found a stone staircase leading down.
There is a stone staircase leading down here.
y - a wand of paralysis (14) (gained 6 charges)
You open the door.
There is an open door here.
You open the door.
There is an open door here.
An ice beast comes into view.
The ice beast hits you. The ice beast freezes you!
You hit the ice beast but do no damage. The ice beast hits you.
The ice beast freezes you!
You hit the ice beast.
The ice beast is lightly wounded.
The ice beast hits you but does no damage.
You barely miss the ice beast.
The ice beast is lightly wounded.
The ice beast closely misses you.
You hit the ice beast.
The ice beast is moderately wounded.
The ice beast hits you. The ice beast freezes you!
You are too injured to fight recklessly!
You are too injured to fight recklessly!
You are too injured to fight recklessly!
You are too injured to fight recklessly!
Casting: Beastly Appendage (safe; 2% risk of failure)
Confirm with . or Enter, or press ? or * to list all spells.
You grow a pair of large bovine horns.
Your feet morph into talons.
Your +0 helmet melds into your body.
Your +0 pair of boots melds into your body.
The ice beast hits you. The ice beast freezes you!
* * * LOW HITPOINT WARNING * * *
You hit the ice beast but do no damage. Your headbutt misses the ice beast.
The ice beast is moderately wounded.
The ice beast hits you.
* * * LOW HITPOINT WARNING * * *
The ice beast freezes you!
You die...

#..........## ..
#.......#.# #.
##.....##... #.
##...###### ##.##
####'## ##...##
#....# ##.....##
#.##.#
#.......###.##.##
#...Y@..........###
#.......###.......#
##.....##
#.....#.####
##...##
##........... #####
#.....)#.#.##
#.#......#.#
#.#.#.####>#
##....# #.#
##.#.####.#


You could see an ice beast.

Vanquished Creatures
  Sigmund (D:4)
  Eustachio (D:4)
  Menkaure (D:6)
  A water moccasin (D:6)
  A kobold brigand (D:6)
  A necrophage (D:6)
  2 scorpions (D:5)
  2 hounds
  Ijyb (D:3)
  An iguana (D:4)
  6 adders
  3 worms
  6 orcs
  10 endoplasms
  3 giant cockroaches
  5 goblins
  6 hobgoblins
  8 jackals
  5 quokkas
  9 ball pythons
  8 bats
  3 frilled lizards
  8 kobolds
  7 rats
99 creatures vanquished.

Notes
Turn   | Place    | Note
-------+----------+-------------------------------------------
     0 | D:1      | jtron the Gnoll Wanderer began the quest for the Orb.
     0 | D:1      | jtron set off with the following items: a +0 quarterstaff,
                  | a +0 pair of boots, a scroll of fear, a +0 robe; and the
                  | following spell memorised: Beastly Appendage; and the
                  | following spells available to memorise: Passwall, Ignite
                  | Poison.
     0 | D:1      | Reached XP level 1. HP: 17/17 MP: 6/6
   219 | D:1      | Reached XP level 2. HP: 18/23 MP: 7/7
   662 | D:1      | Reached skill level 5 in Spellcasting
   662 | D:1      | Reached XP level 3. HP: 19/28 MP: 7/9
  1408 | D:2      | Reached skill level 1 in Invocations
  1500 | D:2      | Learned a level 2 spell: Passwall
  1651 | D:2      | Reached skill level 1 in Short Blades
  1651 | D:2      | Reached skill level 1 in Long Blades
  1651 | D:2      | Reached skill level 1 in Axes
  1651 | D:2      | Reached skill level 1 in Maces & Flails
  1651 | D:2      | Reached skill level 1 in Polearms
  1651 | D:2      | Reached skill level 1 in Ranged Weapons
  1651 | D:2      | Reached skill level 1 in Throwing
  1651 | D:2      | Reached skill level 1 in Armour
  1651 | D:2      | Reached skill level 1 in Stealth
  1651 | D:2      | Reached skill level 1 in Shields
  1651 | D:2      | Reached skill level 1 in Unarmed Combat
  2034 | D:2      | Reached XP level 4. HP: 34/34 MP: 11/11
  2106 | D:2      | Found Hekoojan's Weapon Boutique.
  2398 | D:2      | Identified the +8 hand axe "Astyuf" {flame, rPois rC+++ rN+
                  | Stlth-}
  2534 | D:3      | Reached skill level 1 in Conjurations
  2534 | D:3      | Reached skill level 1 in Hexes
  2534 | D:3      | Reached skill level 1 in Summonings
  2534 | D:3      | Reached skill level 1 in Necromancy
  2534 | D:3      | Reached skill level 1 in Translocations
  2534 | D:3      | Reached skill level 1 in Fire Magic
  2534 | D:3      | Reached skill level 1 in Ice Magic
  2534 | D:3      | Reached skill level 1 in Air Magic
  2534 | D:3      | Reached skill level 1 in Earth Magic
  2534 | D:3      | Reached skill level 1 in Poison Magic
  2567 | D:3      | Found a faded altar of an unknown god.
  2744 | D:3      | Noticed Ijyb
  2927 | D:3      | Killed Ijyb
  2928 | D:3      | Reached XP level 5. HP: 29/40 MP: 12/12
  3020 | D:4      | Noticed Sigmund
  3443 | D:4      | Killed Sigmund
  3444 | D:4      | Reached skill level 5 in Staves
  3444 | D:4      | Reached skill level 5 in Dodging
  3444 | D:4      | Reached XP level 6. HP: 27/47 MP: 14/14
  3613 | D:4      | Found Kecsaubb's Book Boutique.
  3647 | D:4      | Noticed Eustachio
  3978 | D:4      | Killed Eustachio
  3979 | D:4      | Reached XP level 7. HP: 13/52 MP: 15/15
  4793 | D:5      | Entered Level 5 of the Dungeon
  4939 | D:5      | Found a staircase to the Ecumenical Temple.
  4974 | Temple   | Entered the Ecumenical Temple
  5188 | Temple   | Became a worshipper of Sif Muna the Loreminder
  5336 | D:5      | Learned a level 1 spell: Freeze
  5789 | D:6      | Found a transporter.
  5792 | D:6      | Noticed croobank's ghost (weakling OpDe)
  5915 | D:6      | Reached XP level 8. HP: 54/60 MP: 16/16
  6220 | D:6      | Noticed Menkaure
  6268 | D:6      | Killed Menkaure
  6269 | D:6      | Reached skill level 6 in Spellcasting
  6329 | D:6      | Found a transporter.
  6494 | D:6      | Slain by an ice beast

Illustrated notes

Levels and vault maps discovered:
D:1:      dpeg_arrival_shelter, layout_basic
D:2:      layout_basic, serial_shops, nicolae_shop_bloodbath_and_beyond,
          minmay_hexomino_u4
D:3:      layout_rooms, nicolae_ecumenical_oubliette, uniq_ijyb
D:4:      nicolae_cairo_tiling_very_big, layout_loops_cross, serial_shops,
          nicolae_shop_behind_doors, hangedman_decor_push,
          kennysheep_small_spiral, uniq_eustachio, uniq_sigmund
D:5:      layout_loops_ring, minmay_temple_entry_overgrown,
          chequers_serial_rivers_small_b
D:6:      layout_loops_corners, gammafunk_ghost_stat_death,
          kennysheep_generic_room_10, uniq_blork_the_orc, uniq_menkaure
Temple:   nicolae_temple_slightly_damp_pantheon

Skill      XL: |  1  2  3  4  5  6  7  8 |
---------------+-------------------------+-----
Spellcasting   | 5 6 |  6.0
Invocations    | 1 2 3 |  3.5
Short Blades   | 1 2 3 |  3.2
Long Blades    | 1 2 3 |  3.2
Axes           | 1 2 3 |  3.2
Maces & Flails | 1 2 3 |  3.2
Polearms       | 1 2 3 |  3.2
Ranged Weapons | 1 2 3 |  3.2
Throwing       | 1 2 3 |  3.2
Armour         | 1 2 3 |  3.2
Stealth        | 1 2 3 |  3.2
Shields        | 1 2 3 |  3.2
Unarmed Combat | 1 2 3 |  3.2
Conjurations   | 1 2 |  2.6
Hexes          | 1 2 |  2.6
Summonings     | 1 2 |  2.6
Necromancy     | 1 2 |  2.6
Translocations | 1 2 |  2.6
Fire Magic     | 1 2 |  2.6
Ice Magic      | 1 2 |  2.6
Air Magic      | 1 2 |  2.6
Earth Magic    | 1 2 |  2.6
Poison Magic   | 1 2 |  2.6
Fighting       | 3 4 |  4.2
Evocations     | 3 4 |  4.2
Transmutations | 4 |  4.6
Staves         | 5 |  5.6
Dodging        | 5 |  5.6

Action                   |  1- 3 |  4- 6 |  7- 9 || total
-------------------------+-------+-------+-------++-------
Melee: Quarterstaff      |   101 |   103 |    85 ||   289
       Kick              |     7 |     8 |     2 ||    17
       Headbutt          |     5 |     5 |     1 ||    11
       Bite              |     3 |     4 |    12 ||    19
 Fire: Sling             |       |     5 |     3 ||     8
Throw: Boomerang         |       |     3 |     3 ||     6
 Cast: Beastly Appendage |     4 |     3 |     3 ||    10
       Freeze            |       |       |     1 ||     1
Evoke: Wand              |       |     1 |       ||     1
  Use: Potion            |     1 |     2 |     1 ||     4
       Scroll            |     2 |     8 |     1 ||    11
 Stab: Sleeping          |     2 |     3 |     3 ||     8
       Distracted        |       |     1 |       ||     1
       Fleeing           |       |     1 |       ||     1
Armor: Robe              |    14 |    27 |    17 ||    58
       Skin              |       |       |     7 ||     7
Dodge: Dodged            |    82 |   111 |    54 ||   247
